 Dungeon Crawl Stone Soup version 0.29-a0-352-g0917bc69df (webtiles) character file.

Game seed: 16913040728689386516

205704 Dauddaud the Executioner (level 18, -6/174 HPs)
             Began as a Minotaur Berserker on Apr 23, 2022.
             Was a Priest of Trog.
             Mangled by a tarantella (11 damage)
             ... on level 3 of the Spider Nest on Apr 24, 2022.
             The game lasted 01:53:56 (54033 turns).

Dauddaud the Executioner (Minotaur Berserker)      Turns: 54033, Time: 01:53:56

Health: -6/174     AC: 28    Str: 32 (34) XL:     18   Next: 4%
Magic:  17/17      EV: 13    Int:  4      God:    Trog [***...]
Gold:   3552       SH:  0    Dex: 12 (14) Spells: 17/17 levels left

rFire   . . .      SeeInvis .   R - +1 battleaxe (flame)
rCold   + + +      Faith    +   (shield currently unavailable)
rNeg    . . .      Spirit   .   Z - +1 plate armour of Heresy {Dex+5}
rPois   .          Reflect  .   (helmet restricted)
rElec   .          Harm     .   V - +3 cloak of the Hall of Blades {rC+++ rCorr Dex-3}
rCorr   +          Rampage  .   U - +0 pair of gloves
Will    +++..                   J - +1 pair of boots
Stlth   ..........              M - amulet of faith
HPRegen 1.39/turn               S - ring of flight
MPRegen 0.15/turn               W - +6 ring of strength

@: confused, strong-willed, on berserk cooldown, flying, regenerating, slowed,
very slow
A: horns 2, retaliatory headbutt, claws 1, wild magic 1, evolution 1, sturdy
frame 1
}: 1/15 runes: decaying
a: Renounce Religion, Berserk, Trog's Hand


You were on level 3 of the Spider Nest.
You worshipped Trog.
Trog was most pleased with you.
You visited 5 branches of the dungeon, and saw 31 of its levels.
You visited the Abyss 1 time.
You also visited: Bailey and Gauntlet.

You collected 3552 gold pieces.

Inventory:

Hand Weapons
 y - a +2 vorpal executioner's axe
 B - a +4 antimagic battleaxe
 G - a +0 executioner's axe
 R - a +1 battleaxe of flaming (weapon)
Armour
 J - a +1 pair of boots (worn)
 U - a +0 pair of gloves (worn)
 V - the +3 cloak of the Hall of Blades (worn) {rC+++ rCorr Dex-3}
   (You found it in a Gauntlet)

   Dex:       It affects your dexterity (-3).
   rC:        It renders you almost immune to cold.
   rCorr:     It protects you from acid and corrosion.
 Z - the +1 plate armour of Heresy (worn) {Dex+5}
   (You found it on level 12 of the Dungeon)

   Dex:       It affects your dexterity (+5).
Jewellery
 d - a +4 ring of evasion
 f - a ring of see invisible
 H - a ring of ice
 M - an amulet of faith (around neck)
 S - a ring of flight (left hand)
 W - a +6 ring of strength (right hand)
Wands
 a - a wand of paralysis (5)
 j - a wand of flame (3)
 l - a wand of polymorph (9)
 q - a wand of acid (5)
 z - a wand of mindburst (3)
 X - a wand of charming (1)
 Y - a wand of digging (9)
Scrolls
 g - 5 scrolls of fog
 h - 7 scrolls of enchant weapon
 m - 6 scrolls of enchant armour
 n - 5 scrolls of magic mapping
 p - 7 scrolls of fear
 r - 5 scrolls of brand weapon
 w - 4 scrolls of teleportation
 E - a scroll of summoning
 F - 2 scrolls of holy word
 I - 4 scrolls of identify
 P - 2 scrolls of silence
Potions
 b - a potion of resistance {unknown}
 c - 4 potions of invisibility {unknown}
 e - a potion of heal wounds
 i - 3 potions of curing
 k - 5 potions of mutation
 u - 8 potions of lignification
 v - 2 potions of degeneration {unknown}
 x - 3 potions of haste
 A - 10 potions of flight
 C - 4 potions of magic {unknown}
 D - 3 potions of might {unknown}
 K - 2 potions of berserk rage
 L - 4 potions of cancellation
 T - 6 potions of attraction
Miscellaneous
 s - a tin of tremorstones (2/2)


   Skills:
 * Level 18.8 Fighting
 - Level 24.0 Axes
 * Level 18.6 Armour
 - Level 10.2 Dodging
 + Level 10.4 Evocations


You had 17 spell levels left.
You didn't know any spells.
Your spell library was empty.

Dungeon Overview and Level Annotations

Branches:
Dungeon (15/15)            Temple (0/1) D:6            Lair (6/6) D:11
  Swamp (4/4) Lair:3       Spider (4/4) Lair:4        Slime (0/5) Lair:6
    Orc (2/2) D:11            Elf (0/3) Orc:2        Vaults (0/5) D:13
 Depths (0/4) D:15         Bailey (visited)         Gauntlet (visited)

Altars:
Cheibriados
Dithmenos
Makhleb
Sif Muna
Trog
Xom
Jiyva

Shops:
D:8 *   D:10 [   D:11 =(   D:15 [   Orc:2 *![**

Annotations:
Lair:4 3 runed translucent doors, Shaidar's ghost, journeyman MiBe


Innate Abilities, Weirdness & Mutations

You have a pair of horns on your head.
You reflexively headbutt those who attack you in melee.
You have sharp fingernails.
Your spells are a little harder to cast, but a little more powerful.
You have hidden genetic potential.
Your movements are slightly less encumbered by armour. (ER -2)


Message History

* * * LOW HITPOINT WARNING * * *
You are confused.
You are too confused!
You slash the tarantella! You burn the tarantella.
Your headbutt misses the tarantella.
The tarantella is severely wounded.
You barely miss the wolf spider. You closely miss the culicivora.
The wolf spider hits you but does no damage.
The wolf spider bites you but does no damage.
The culicivora bites you but does no damage.
The tarantella touches you but does no damage.
The wolf spider hits you!
* * * LOW HITPOINT WARNING * * *
The wolf spider bites you!
* * * LOW HITPOINT WARNING * * *
You barely miss the tarantella.
The tarantella is severely wounded.
You slice the wolf spider!! You burn the wolf spider.
You slice the culicivora!! You burn the culicivora!
You kill the culicivora!
Trog accepts your kill. The tarantella barely misses you.
The wolf spider hits you but does no damage.
The wolf spider misses you. The tarantella misses you.
You bump into the rock wall.
The wolf spider hits you but does no damage.
The wolf spider bites you.
* * * LOW HITPOINT WARNING * * *
The tarantella barely misses you. The wolf spider misses you.
The wolf spider closely misses you.
The tarantella touches you but does no damage.
You miss the wolf spider. Your headbutt misses the wolf spider.
The wolf spider is heavily wounded.
You hit the tarantella. You burn the tarantella.
The wolf spider hits you but does no damage.
The wolf spider closely misses you. The tarantella barely misses you.
The wolf spider hits you but does no damage.
The wolf spider bites you but does no damage.
The tarantella touches you!
You die...

# ### #. #.## #
##.. #####.†#.##
#....#.#.......#
#......#......##
#.....@†.##^..#
##...ss.## ....>
######## .##...
^ #.. . ##


You could see a wolf spider and a tarantella.

Vanquished Creatures
  Arachne (Spider:2)
  A tentacled starspawn (Abyss:3)
  2 thorn hunters (Swamp:4)
  Agnes (Spider:1)
  An orc warlord (Bailey)
  2 emperor scorpions
  A fenstrider witch (Swamp:4)
  The ghost of brujo666 the Warrior, a journeyman MiFi of Ru (Lair:5)
  3 ghost moths
  7 ghouls
  2 broodmothers
  An entropy weaver (Spider:2)
  A minotaur (Gauntlet)
  Azrael (Spider:2)
  6 bunyips
  2 eleionomae
  A green death (Swamp:4)
  A shambling mangrove (Swamp:2)
  Harold (D:9)
  The ghost of 1Viktor the Cleaver, a journeyman HOFi of Beogh (D:10)
  A fire dragon (Lair:6)
  A great orb of eyes (D:15)
  4 ogre magi (Swamp:4)
  A vault guard (D:13)
  Erolcha (D:9)
  2 ghost crabs
  16 hydras
  8 boulder beetles
  A jorogumo (Spider:3)
  4 two-headed ogres
  6 centaur warriors
  16 alligators
  Urug (Lair:4)
  A spriggan berserker (Swamp:4)
  4 pharaoh ants
  A fire crab (Lair:6)
  2 sixfirhies (Swamp:4)
  A skeletal warrior (D:13)
  A sun moth (Spider:1)
  2 goliath frogs
  7 orb spiders (Spider:1)
  4 spriggan druids
  2 obsidian statues (D:15)
  3 steelbarb worms
  5 bog bodies
  6 swamp dragons
  A wizard (Swamp:4)
  4 deep elf pyromancers
  An orc knight (D:15)
  5 lindwurms
  5 oklob plants
  3 will-o-the-wisps
  8 orc sorcerers
  4 wolf spiders
  4 manticores
  22 ugly things
  8 elephants
  4 cyclopes
  A moth of wrath (Spider:2)
  2 black mambas
  An eye of devastation (D:14)
  2 molten gargoyles (Lair:6)
  2 gargoyles
  12 cane toads
  A torpor snail (Lair:2)
  5 orange demons (Swamp:4)
  6 rime drakes
  5 demonic crawlers
  8 komodo dragons
  A rime drake (shapeshifter) (D:13)
  2 unseen horrors
  3 kobold demonologists
  2 efreet
  3 hellwings (Swamp:4)
  A queen bee (Lair:2)
  A large abomination (Abyss:2)
  8 tarantellas
  6 trolls
  A slime creature (shapeshifter) (D:15)
  A bloated husk (Swamp:4)
  Grinder (D:5)
  14 hornets
  4 raiju
  5 tyrant leeches
  14 blink frogs
  3 dream sheep (Lair:2)
  10 slime creatures
  12 jumping spiders
  Sigmund (D:2)
  13 spriggans
  5 shadows
  18 culicivoras
  61 yaks
  4 wraiths
  6 wyverns
  10 basilisks
  2 neqoxecs (Swamp:4)
  4 steam dragons
  9 vampire mosquitoes
  14 redbacks
  4 chaos spawn (Swamp:4)
  4 wargs
  18 water moccasins
  14 swamp worms
  An acid dragon (D:12)
  An ice beast (D:7)
  31 orc warriors
  7 hell hounds
  3 black bears
  3 swamp drakes
  A wolf (shapeshifter) (D:14)
  4 ogres
  12 wolves
  12 centaurs
  A phantom (D:5)
  5 kobold brigands
  4 necrophages
  Blork the orc (D:6)
  12 bullfrogs
  A gnoll sergeant (D:12)
  2 scorpions
  5 wights (D:7)
  32 killer bees
  An electric eel (Lair:2)
  15 howler monkeys
  4 lava snakes (Lair:6)
  3 hounds
  2 jellies (D:4)
  Crazy Yiuf (D:2)
  A gnoll shaman (D:8)
  23 orc priests
  An iguana (D:6)
  32 orc wizards
  20 gnolls
  10 adders
  2 river rats (Lair:2)
  A shadow imp (D:8)
  A white imp (D:7)
  2 ufetubi (D:5)
  2 worms (D:2)
  A dart slug (D:1)
  78 orcs
  10 ball pythons
  2 bats
  7 endoplasms
  3 giant cockroaches
  21 goblins
  13 hobgoblins
  3 jackals (D:3)
  5 quokkas
  3 frilled lizards
  24 kobolds
  2 rats
  A plant (Lair:6)
963 creatures vanquished.

Vanquished Creatures (collateral kills)
  A fenstrider witch (Swamp:4)
  A reaper (Swamp:4)
  An entropy weaver (Gauntlet)
  An alligator (Swamp:2)
  An ogre mage (Swamp:4)
  An orc high priest (Orc:2)
  2 goliath frogs
  An orc knight (Orc:1)
  A will-o-the-wisp (Swamp:4)
  A torpor snail (Spider:1)
  A komodo dragon (Lair:6)
  A hellwing (Swamp:4)
  A troll (Orc:1)
  A hornet (Swamp:3)
  A jumping spider (Spider:1)
  A spriggan (Swamp:3)
  A yak (Lair:2)
  A basilisk (Lair:2)
  A redback (Spider:1)
  A steam dragon (Lair:2)
  4 hell hounds
  3 orc warriors
  A small abomination (Swamp:4)
  2 killer bees (Lair:2)
  3 orc priests
  An orc wizard (Orc:2)
  2 gnolls (D:8)
  6 orcs (Orc:1)
43 creatures vanquished.

Vanquished Creatures (others)
  A fenstrider witch (Swamp:4)
  A shambling mangrove (Swamp:4)
  A boulder beetle (D:13)
  2 alligators
  An orb spider (Spider:1)
  A deep elf pyromancer (Swamp:4)
  A basilisk (Lair:6)
  10 foxfires (Swamp:1)
  13 fungi
  A lurking horror (Abyss:2)
  64 plants
  2 starspawn tentacles (Abyss:3)
98 creatures vanquished.

Grand Total: 1104 creatures vanquished

Notes
Turn   | Place    | Note
-------+----------+-------------------------------------------
     0 | D:1      | Dauddaud the Minotaur Berserker began the quest for the
                  | Orb.
     0 | D:1      | Reached XP level 1. HP: 19/19 MP: 0/0
   132 | D:1      | Reached skill level 4 in Axes
   233 | D:1      | Found a faded altar of an unknown god.
   244 | D:1      | Reached XP level 2. HP: 17/26 MP: 1/1
  1160 | D:2      | Reached skill level 5 in Axes
  1270 | D:2      | Reached ** piety under Trog
  1306 | D:2      | Found a runed translucent door.
  1307 | D:2      | Noticed Crazy Yiuf
  1345 | D:2      | Reached XP level 3. HP: 25/31 MP: 2/2
  1652 | D:2      | Reached skill level 6 in Axes
  1652 | D:2      | Reached XP level 4. HP: 39/39 MP: 3/3
  1830 | D:2      | Noticed Sigmund
  1842 | D:2      | Killed Sigmund
  1843 | D:2      | Reached skill level 8 in Axes
  1843 | D:2      | Reached XP level 5. HP: 35/45 MP: 4/4
  2097 | D:2      | Killed Crazy Yiuf
  2098 | D:2      | Reached XP level 6. HP: 42/51 MP: 5/5
  2736 | D:3      | Found a faded altar of an unknown god.
  2740 | D:3      | Found a burning altar of Makhleb.
  3183 | D:4      | Reached skill level 9 in Axes
  3211 | D:4      | Reached *** piety under Trog
  3394 | D:4      | Found a bloodstained altar of Trog.
  3395 | D:4      | Found a shimmering altar of Xom.
  3395 | D:4      | Found a shimmering blue altar of Sif Muna.
  3727 | D:5      | Entered Level 5 of the Dungeon
  3829 | D:5      | Reached XP level 7. HP: 40/57 MP: 6/6
  4008 | D:5      | Reached skill level 10 in Axes
  4185 | D:5      | Noticed a troll
  4202 | D:5      | Killed a troll
  4203 | D:5      | Reached skill level 11 in Axes
  4501 | D:5      | Reached XP level 8. HP: 64/64 MP: 7/7
  4535 | D:5      | Noticed Grinder
  4553 | D:5      | Killed Grinder
  4554 | D:5      | Reached skill level 12 in Axes
  5372 | D:6      | Found a staircase to the Ecumenical Temple.
  5408 | D:6      | Noticed Blork the orc
  5416 | D:6      | Killed Blork the orc
  5533 | D:6      | Reached skill level 13 in Axes
  5548 | D:6      | Identified the +0 ring mail "Uqodd" {Harm Str+4 Dex-5 SInv}
  5838 | D:7      | Reached skill level 14 in Axes
  5961 | D:7      | Found a flagged portal.
  5972 | Bailey   | Entered a bailey
  6045 | Bailey   | Reached XP level 9. HP: 69/70 MP: 8/8
  6190 | Bailey   | Reached **** piety under Trog
  6314 | Bailey   | Reached skill level 15 in Axes
  6774 | Bailey   | Identified the amulet "Meudai" {Reflect Rampage Slay+2
                  | SH+5}
  7140 | Bailey   | Noticed an orc warlord
  7157 | Bailey   | Killed an orc warlord
  7158 | Bailey   | Reached skill level 17 in Axes
  7158 | Bailey   | Reached XP level 10. HP: 55/77 MP: 9/9
  8679 | D:8      | Reached skill level 18 in Axes
  9196 | D:8      | Found Rukito's General Store.
 10008 | D:9      | Noticed a cyclops
 10026 | D:9      | Noticed Harold
 10060 | D:9      | Killed Harold
 10061 | D:9      | Reached skill level 19 in Axes
 10313 | D:10     | Entered Level 10 of the Dungeon
 10353 | D:10     | Noticed a two-headed ogre
 10365 | D:10     | Killed a two-headed ogre
 10366 | D:10     | Reached skill level 1 in Evocations
 10366 | D:10     | Reached XP level 11. HP: 69/82 MP: 10/10
 10488 | D:9      | Noticed a purple ugly thing
 10494 | D:9      | Killed a purple ugly thing
 10672 | D:9      | Noticed Erolcha
 10681 | D:9      | Killed Erolcha
 10965 | D:9      | Reached skill level 5 in Evocations
 10966 | D:9      | Reached skill level 20 in Axes
 11060 | D:10     | Found Cheibriados's Comfort Zone.
 11062 | D:10     | Found a snail-covered altar of Cheibriados.
 11420 | D:10     | Found a runed translucent gate.
 11420 | D:10     | Found a runed translucent gate.
 11420 | D:10     | Found a runed translucent gate.
 11423 | D:10     | Noticed 1Viktor's ghost (journeyman HOFi)
 11423 | D:10     | Noticed an 11-headed hydra
 11423 | D:10     | Noticed an 11-headed hydra
 11863 | D:11     | Found a staircase to the Orcish Mines.
 11874 | D:11     | Reached ***** piety under Trog
 12005 | D:11     | Found Fasuawn's Weapon Boutique.
 12347 | D:11     | Found a staircase to the Lair.
 12625 | D:11     | Reached skill level 5 in Fighting
 12942 | D:11     | Found Bisoestali's Jewellery Boutique.
 13118 | D:12     | Noticed a deep elf pyromancer
 13136 | D:12     | Found a gate leading to a gauntlet.
 13141 | Gauntlet | Entered a Gauntlet
 13141 | Gauntlet | Found a transporter.
 13141 | Gauntlet | Found a transporter.
 13141 | Gauntlet | Found a transporter.
 13212 | Gauntlet | Found a transporter.
 13215 | Gauntlet | Found a transporter.
 13219 | Gauntlet | Found a runed translucent door.
 13219 | Gauntlet | Found a runed translucent door.
 13223 | Gauntlet | Found a transporter.
 13226 | Gauntlet | Found a transporter.
 13231 | Gauntlet | Noticed a five-headed hydra
 13237 | Gauntlet | Found a transporter.
 13248 | Gauntlet | Noticed an entropy weaver
 13252 | Gauntlet | Found a transporter.
 13258 | Gauntlet | Found a transporter.
 13260 | Gauntlet | Found a transporter.
 13270 | Gauntlet | Found a transporter.
 13319 | Gauntlet | Found the +8 Vampire's Tooth {vamp}
 13928 | Gauntlet | Identified the +3 cloak of the Hall of Blades {rC+++ rCorr
                  | Dex-3}
 13956 | Gauntlet | Killed an entropy weaver
 13957 | Gauntlet | Reached skill level 5 in Armour
 13957 | Gauntlet | Reached XP level 12. HP: 96/96 MP: 11/11
 13993 | Gauntlet | Identified the -4 hat of Sif Muna's Benevolence {*Corrode
                  | rPois rN+}
 14017 | Gauntlet | Noticed a minotaur
 14028 | Gauntlet | Killed a minotaur
 14786 | D:12     | Identified the +1 plate armour of Heresy {Dex+5}
 14835 | D:12     | Noticed a two-headed ogre
 14842 | D:12     | Killed a two-headed ogre
 14907 | D:12     | Reached XP level 13. HP: 113/113 MP: 12/12
 14928 | D:12     | Found the +9 staff of Wucad Mu {*channel}
 15351 | D:12     | Reached skill level 10 in Fighting
 15819 | D:13     | Reached skill level 10 in Armour
 16063 | D:13     | Reached skill level 5 in Dodging
 17297 | D:13     | Found a gate to the Vaults.
 18609 | D:14     | Noticed a fire dragon
 18610 | D:14     | a fire dragon changed into an eye of devastation
 19637 | D:14     | You fall into a shaft and drop 1 floor!
 19637 | D:15     | Entered Level 15 of the Dungeon
 19876 | D:14     | Reached XP level 14. HP: 51/125 MP: 13/13
 21619 | D:15     | Identified the +2 falchion of the Sage {spect, rElec rPois}
 22194 | D:15     | Found Tupporum's Antique Armour Boutique.
 22715 | D:15     | Found a staircase to the Depths.
 23237 | Orc:1    | Entered Level 1 of the Orcish Mines
 23907 | Orc:2    | Entered Level 2 of the Orcish Mines
 24283 | Orc:2    | Found Xarraexopn's Assorted Antiques.
 24292 | Orc:2    | Found a staircase to the Elven Halls.
 24422 | Orc:2    | Received a gift from Trog
 26724 | Orc:2    | Found Reosan's Armour Emporium.
 26724 | Orc:2    | Found Unann's Assorted Antiques.
 26725 | Orc:2    | Found Jamixepu's Distillery.
 26729 | Orc:2    | Found Poynusk's Assorted Antiques.
 26992 | Lair:1   | Entered Level 1 of the Lair of Beasts
 27276 | Lair:1   | Reached XP level 15. HP: 114/138 MP: 14/14
 27455 | Lair:1   | Found a transporter.
 27459 | Lair:1   | Found a transporter.
 28342 | Lair:2   | Reached skill level 21 in Axes
 28536 | Lair:2   | Received a gift from Trog
 30825 | Lair:3   | Received a gift from Trog
 30826 | Lair:3   | Reached skill level 22 in Axes
 31269 | Lair:3   | Found a shadowy altar of Dithmenos.
 31363 | Lair:3   | Found a staircase to the Swamp.
 31768 | D:10     | Killed 1Viktor's ghost
 31772 | D:10     | Identified the +9 demon blade of Judan {speed, rElec rC+
                  | Str+3}
 32160 | Swamp:1  | Entered Level 1 of the Swamp
 34413 | Swamp:1  | Reached skill level 23 in Axes
 35942 | Swamp:2  | Reached XP level 16. HP: 97/146 MP: 15/15
 35965 | Swamp:2  | Reached skill level 24 in Axes
 37250 | Swamp:3  | Gained mutation: You have sharp fingernails. [potion of
                  | mutation]
 37250 | Swamp:3  | Gained mutation: Your movements are slightly less
                  | encumbered by armour. (ER -2) [potion of mutation]
 37250 | Swamp:3  | Gained mutation: You have hidden genetic potential. [potion
                  | of mutation]
 37297 | Swamp:4  | Entered Level 4 of the Swamp
 37810 | Swamp:2  | Reached skill level 15 in Fighting
 38808 | Swamp:3  | Reached skill level 15 in Armour
 39296 | Swamp:4  | Noticed a thorn hunter
 39306 | Swamp:4  | Killed a thorn hunter
 39635 | Swamp:4  | Paralysed by something for 2 turns
 39835 | Swamp:4  | Received a gift from Trog
 40477 | Swamp:4  | Found the +5 robe of Night {Dark Will+ SInv}
 40795 | Swamp:4  | Cast into level 2 of the Abyss (reaper)
 40901 | Abyss:2  | Noticed a lich
 40938 | Abyss:3  | Found a corrupted altar of Lugonu.
 40992 | Abyss:3  | Noticed a tentacled starspawn
 40999 | Abyss:3  | Killed a tentacled starspawn
 41010 | Swamp:4  | Escaped the Abyss
 41142 | Swamp:4  | Noticed a thorn hunter
 41149 | Swamp:4  | Killed a thorn hunter
 41837 | Swamp:4  | Reached skill level 10 in Dodging
 41839 | Swamp:4  | Paralysed by a fenstrider witch for 6 turns
 42447 | Swamp:4  | Reached XP level 17. HP: 74/160 MP: 16/16
 42953 | Swamp:4  | Got a decaying rune of Zot
 43623 | Lair:4   | Found a hole to the Spider Nest.
 43717 | Lair:4   | Noticed Shaidar's ghost (journeyman MiBe)
 43718 | Lair:4   | Found a runed translucent gate.
 43720 | Lair:4   | Found a runed translucent gate.
 43721 | Lair:4   | Found a runed translucent gate.
 43770 | Lair:4   | Found a bloodstained altar of Trog.
 43845 | Lair:4   | Noticed Urug
 43860 | Lair:4   | Killed Urug
 43953 | Lair:4   | Gained mutation: Your spells are a little harder to cast,
                  | but a little more powerful. [hidden potential]
 45093 | Lair:5   | Found a runed translucent door.
 45094 | Lair:5   | Noticed brujo666's ghost (journeyman MiFi)
 45532 | Lair:5   | Killed brujo666's ghost
 45562 | Lair:6   | Entered Level 6 of the Lair of Beasts
 45861 | Lair:6   | Found a viscous altar of Jiyva.
 45862 | Lair:6   | Found a staircase to the Slime Pits.
 46884 | Lair:6   | Identified the +4 scale mail of the Frog {Str+3 Slay+3}
 47291 | Lair:6   | Found a large runed translucent door.
 47291 | Lair:6   | Found a large runed translucent door.
 47463 | Lair:6   | Identified the ring "Zesov" {Wiz rElec}
 47597 | Spider:1 | Entered Level 1 of the Spider Nest
 48244 | Spider:1 | Noticed Agnes
 48260 | Spider:1 | Killed Agnes
 49168 | Spider:1 | Reached skill level 10 in Evocations
 49958 | Spider:1 | HP: 5/165 [disintegration (58)]
 51358 | Spider:2 | Noticed Azrael
 51378 | Spider:2 | Killed Azrael
 52781 | Spider:2 | Noticed Arachne
 52792 | Spider:2 | Killed Arachne
 53439 | Spider:3 | Paralysed by a jorogumo for 1 turns
 53963 | Spider:3 | Reached XP level 18. HP: 69/171 MP: 17/17
 53967 | Spider:4 | Entered Level 4 of the Spider Nest
 54030 | Spider:3 | HP: 3/174 [wolf spider (9)]
 54033 | Spider:3 | Mangled by a tarantella

Illustrated notes

Levels and vault maps discovered:
D:1:      dpeg_arrival_simpleton_c, layout_basic, ebering_ecumenical_altar_rust,
          due_unseen_surprise
D:2:      layout_loops_ring, uniq_sigmund, uniq_crazy_yiuf_cottage
D:3:      layout_basic, nicolae_overflow_ecumenical_swirl
D:4:      layout_cave_pools, grunt_temple_overflow_open
D:5:      layout_basic, minmay_between, uniq_grinder
D:6:      layout_rooms, minmay_temple_entry_wispy, chequers_arboretum,
          chequers_serial_rivers_micro_c, uniq_blork_the_orc
D:7:      layout_loops_ring, enter_bailey_3
D:8:      layout_layer_cave, serial_shops, shop, chequers_serial_rivers_micro_a
D:9:      layout_loops_ring, grunt_tough_drop, uniq_harold, uniq_erolcha
D:10:     layout_basic, gammafunk_ghost_hydra_chop, minmay_shop_chei
D:11:     layout_loops_ring, erik_lair_orcish_takeover, orc_david_3,
          serial_shops, shop
D:12:     layout_loops_ring, gauntlet_entry_generic
D:13:     layout_loops_cross, david_vaults_5
D:14:     layout_gridville, corexii_corridor_pit
D:15:     gammafunk_enter_depths_forms, layout_gridville, serial_shops,
          shop_fountains, serial_rivers, chequers_serial_rivers_micro_a,
          chequers_serial_rivers_micro_b, chequers_serial_rivers_marsh,
          chequers_serial_rivers_large_a, minmay_more_statues
Lair:1:   gammafunk_boulding_lane, layout_long_grid,
          infiniplex_staircase_pool_2, grunt_megastairs_2, serial_bayou_shore_b,
          lemuel_fruit_fields
Lair:2:   hangedman_what_comes_after_a, layout_hall_layers,
          chequers_serial_rivers_small_3, small_statue_intersection,
          serial_bayou_lagoon_a
Lair:3:   layout_layer_cave, palyth_hydra_swamp_entry, basic_altar
Lair:4:   layout_long_grid, nicolae_spider_entry_tight_spaces, basic_altar,
          gammafunk_ghost_split, minmay_lindwurm_lava, serial_bayou_shore_a,
          uniq_urug
Lair:5:   layout_long_grid, ebering_ghost_inner_flame
Lair:6:   cheibrodos_lair_end_hotspot, layout_layer_cave,
          dpeg_slime_entry_enclosed_altar, st_stairs_4,
          infiniplex_staircase_pool
Swamp:1:  layout_basic_swamp, nicolae_swamp_little_swirl
Swamp:2:  layout_basic_swamp, serial_swamp_ruin, evilmike_swamp_ruin_house_2,
          evilmike_swamp_ruin_house_4, swamp_pool2
Swamp:3:  layout_basic_swamp, hangedman_swamp_ruin_hall
Swamp:4:  nzn_swamp_witches_coven, layout_basic_swamp, swamp_pool3
Spider:1: layout_chambers, nicolae_spider_orb_run, uniq_agnes
Spider:2: layout_spider_delve, hangedman_spider_tarantella_strand, uniq_azrael,
          uniq_arachne
Spider:3: nicolae_spider_hilbert_zone_7 [nicolae_spider_hilbert_4_sides_1_open,
          nicolae_spider_hilbert_4_sides_1_open,
          nicolae_spider_hilbert_4_sides_1_open,
          nicolae_spider_hilbert_4_sides_1_open,
          nicolae_spider_hilbert_3_sides_1_open,
          nicolae_spider_hilbert_3_sides_1_open,
          nicolae_spider_hilbert_3_sides_1_open,
          nicolae_spider_hilbert_3_sides_1_open,
          nicolae_spider_hilbert_4_sides_1_open,
          nicolae_spider_hilbert_4_sides_1_open,
          nicolae_spider_hilbert_4_sides_1_open,
          nicolae_spider_hilbert_2_sides_1_open,
          nicolae_spider_hilbert_2_sides_1_open,
          nicolae_spider_hilbert_2_sides_1_open,
          nicolae_spider_hilbert_2_sides_1_open,
          nicolae_spider_hilbert_2_sides_1_open,
          nicolae_spider_hilbert_2_sides_1_open], spiders_nest_the_unseen
Spider:4: johnstein_spider_rune_arachne_lair, drop_trap, uniq_roxanne
Orc:1:    layout_diamond_mine
Orc:2:    st_orc_mages, layout_diamond_mine, serial_shops, shop_statue

Skill      XL: |  1  2  3  4  5  6  7  8  9 10 11 12 13 14 15 16 17 |
---------------+----------------------------------------------------+-----
Axes           | 4 5 6 8 9 11 14 17 19 20 23 24 | 24.0
Evocations     | 1 6 7 8 9 10 | 10.4
Fighting       | 6 9 11 14 16 18 | 18.8
Armour         | 5 9 11 13 16 18 | 18.6
Dodging        | 3 4 6 8 10 | 10.2

Action                   |  1- 3 |  4- 6 |  7- 9 | 10-12 | 13-15 | 16-18 || total
-------------------------+-------+-------+-------+-------+-------+-------++-------
Melee: Hand axe          |    58 |   142 |    82 |       |       |       ||   282
       Headbutt          |    10 |    16 |    39 |    74 |   202 |   202 ||   543
       Punch             |       |     2 |       |       |       |       ||     2
       Battleaxe         |       |       |   143 |   377 |   751 |   751 ||  2022
       Executioner's axe |       |       |       |       |   190 |    84 ||   274
Invok: Trog's Hand       |       |     1 |     3 |     9 |     8 |    17 ||    38
       Berserk           |       |       |     5 |     6 |     5 |     8 ||    24
       Brothers in Arms  |       |       |       |     4 |     8 |    14 ||    26
Evoke: Wand              |       |       |     1 |     3 |    13 |    29 ||    46
  Use: Scroll            |       |       |     9 |     5 |     7 |    12 ||    33
       Potion            |       |       |       |     3 |     3 |    30 ||    36
 Stab: Distracted        |       |       |       |       |     1 |     2 ||     3
       Confused          |       |       |       |       |     1 |       ||     1
Armor: Animal skin       |     3 |       |       |       |       |       ||     3
       Chain mail        |    13 |    41 |    45 |       |       |       ||    99
       Plate armour      |       |       |       |    93 |   516 |   534 ||  1143
       Skin              |       |       |       |       |       |     1 ||     1
Dodge: Dodged            |    33 |    77 |   140 |   163 |   581 |   581 ||  1575
Block: Other             |       |       |       |    40 |       |       ||    40

Table legend: (Time is in decaauts)
 A = Elapsed time spent in this place.
 B = Non-inter-level travel time spent in this place.
 C = Inter-level travel time spent in this place.
 D = Time resting spent in this place.
 E = Time spent auto-exploring this place.
 F = Levels seen in this place.
 G = Mean time per level.
                   A        B        C        D        E       F      G
               +--------+--------+--------+--------+--------+-----+--------+
         Total |  54071 |  51728 |   2343 |  22608 |  22090 |  35 | 1544.9 |
       Dungeon |  21373 |  19882 |   1491 |   6661 |  10664 |  15 | 1424.9 |
          Lair |  11871 |  11363 |    508 |   4968 |   5163 |   6 | 1978.5 |
         Swamp |   8932 |   8766 |    166 |   5243 |   2332 |   4 | 2233.0 |
   Spider Nest |   5788 |   5722 |     66 |   2610 |   2321 |   4 | 1447.0 |
  Orcish Mines |   3370 |   3260 |    110 |   1650 |   1117 |   2 | 1685.0 |
         Abyss |    210 |    210 |      0 |    163 |      0 |   2 |  105.0 |
        Bailey |   1449 |   1449 |      0 |    897 |    162 |   1 | 1449.0 |
      Gauntlet |   1075 |   1075 |      0 |    413 |    331 |   1 | 1075.0 |
               +--------+--------+--------+--------+--------+-----+--------+

Top non-repeatable levels by time:
 Swamp:4: 3895 daAuts
  Lair:3: 3728 daAuts
    D:13: 2971 daAuts
Spider:1: 2970 daAuts
Spider:2: 2516 daAuts
 Swamp:2: 2313 daAuts
    D:14: 2065 daAuts
  Lair:2: 2018 daAuts
  Lair:6: 1993 daAuts
  Lair:4: 1974 daAuts
    D:15: 1925 daAuts
    D:11: 1714 daAuts
   Orc:1: 1714 daAuts
   Orc:2: 1656 daAuts
    D:12: 1571 daAuts
